 Dungeon Crawl Stone Soup version 0.31-a0-731-ga75f04deac (webtiles) character file.

Game seed: 1993861814484067359

120106 GordonOverkill the Devastator (level 16, -26/102 HPs)
             Began as a Deep Elf Delver on Sept 12, 2023.
             Was the Champion of Cheibriados.
             Annihilated by a naga
             ... wielding a +0 hand axe
              (31 damage)
             ... on level 3 of the Snake Pit.
             The game lasted 01:28:17 (43306 turns).

GordonOverkill the Devastator (Deep Elf Delver)    Turns: 43306, Time: 01:28:18

Health: -26/102    AC: 10    Str: 24    XL:     16   Next: 29%
Magic:  0/39       EV: 11    Int: 45    God:    Cheibriados [******]
Gold:   1170       SH:  0    Dex: 31    Spells: 18/49 levels left

rFire   . . .        K - +3 quarterstaff of Ashenzari's Wrath {flame, Int+6 Stlth-}
rCold   + . .        (shield currently unavailable)
rNeg    . . .        y - +0 robe
rPois   +            a - +2 helmet {SInv}
rElec   .            G - +2 cloak
rCorr   .            V - +0 pair of gloves
SInv    +            t - +0 pair of boots
Will    ++...        l - amulet of guardian spirit
Stlth   +++          c - ring of Dafiulof {rC+ Will+ SInv}
HPRegen 0.37/turn    E - ring of wizardry
MPRegen 0.26/turn

%: guardian spirit, wizardry (x1)
@: lethally poisoned (-26 -> -32), constricted, very slow
A: poison resistance, robust 1, screaming 1, no potion heal 1
a: Renounce Religion, Bend Time, Temporal Distortion, Slouch, Step From Time


You were on level 3 of the Snake Pit.
You worshipped Cheibriados.
Cheibriados was exalted by your worship.
You visited 4 branches of the dungeon, and saw 25 of its levels.
You also visited: Ossuary.

You collected 2370 gold pieces.
You spent 1200 gold pieces at shops.

Inventory:

Hand Weapons
 h - a +7 spectral short sword
 K - the +3 quarterstaff of Ashenzari's Wrath (weapon) {flame, Int+6 Stlth-}
   (You found it on level 9 of the Dungeon)

   Int+6:     It affects your intelligence (+6).
   Stlth-:    It makes you less stealthy.
Missiles
 Y - 5 curare-tipped darts (quivered)
Armour
 a - a +2 helmet of see invisible (worn)
 i - a +0 leather armour of willpower
 t - a +0 pair of boots (worn)
 y - a +0 robe (worn)
 G - a +2 cloak (worn)
 N - the +3 warlock's mirror {omnireflect}
   (You found it on level 11 of the Dungeon)

   Omnireflect: It can block and reflect piercing ranged attacks and magical
   attacks against the wielder's willpower.
 V - a +0 pair of gloves (worn)
Magical Staves
 m - a staff of cold
Jewellery
 c - the ring of Dafiulof (left hand) {rC+ Will+ SInv}
   (You acquired it on level 2 of the Orcish Mines)

   [ring of willpower]

   rC+:       It protects you from cold.
   Will+:     It increases your willpower.
   SInv:      It lets you see invisible.
 g - a ring of fire
 j - a +4 ring of protection
 l - an amulet of guardian spirit (around neck)
 E - a ring of wizardry (right hand)
 Z - a ring of protection from fire
Wands
 x - a wand of polymorph (5)
 C - a wand of charming (10)
 D - a wand of flame (6)
 L - a wand of roots (20)
 P - a wand of quicksilver (2)
 R - a wand of digging (9)
 U - a wand of mindburst (11)
Scrolls
 b - a scroll of brand weapon
 d - 6 scrolls of revelation
 f - a scroll of butterflies
 n - 4 scrolls of amnesia
 r - 7 scrolls of immolation
 w - 3 scrolls of silence
 B - 3 scrolls of fog
 H - 2 scrolls of torment
 Q - 6 scrolls of teleportation
 X - a scroll of fear
Potions
 e - a potion of experience
 k - 2 potions of cancellation
 o - 10 potions of lignification
 p - 5 potions of brilliance
 q - 7 potions of curing
 s - a potion of ambrosia
 u - 2 potions of berserk rage
 z - 5 potions of might
 F - 2 potions of resistance
 I - 3 potions of mutation
 J - 4 potions of enlightenment
 T - 2 potions of attraction


   Skills:
 - Level 8.0 Fighting
 - Level 3.0 Short Blades
 - Level 1.0 Throwing
 - Level 2.4 Dodging
 - Level 6.0 Stealth
 + Level 17.1 Spellcasting
 - Level 18.0 Conjurations
 - Level 18.0 Fire Magic
 - Level 5.0 Ice Magic
 - Level 5.0 Air Magic
 - Level 3.0 Poison Magic
 - Level 6.0 Invocations


You had 18 spell levels left.
You knew the following spells:

 Your Spells              Type           Power      Damage    Failure   Level
a - Freezing Cloud        Conj/Ice/Air   44%        6-21      1%          5
b - Mephitic Cloud        Conj/Pois/Air  86%        N/A       1%          3
c - Passwall              Tmut/Erth      31%        N/A       1%          2
d - Irradiate             Conj/Tmut      44%        3d26      1%          5
e - Orb of Destruction    Conj           58%        9d14      1%          7
f - Fire Storm            Conj/Fire      58%        8d15      16%         9

Your spell library contained the following spells:

 Spells                   Type           Power      Damage    Failure   Level
 Magic Dart               Conj           100%       1d8       0%          1
 Shock                    Conj/Air       100%       1d9       0%          1
 Static Discharge         Conj/Air       100%       2-7/arc   0%          2
 Hailstorm                Conj/Ice       97%        3d19      0%          3
 Freeze                   Ice            100%       1d10      1%          1
 Sting                    Tmut/Pois      100%       1d8       1%          1
 Blink                    Tloc           76%        N/A       1%          2
 Cigotuvi's Dreadful Rot  Necr/Pois/Air  100%       N/A       1%          2
 Ensorcelled Hibernation  Hex/Ice        100%       N/A       1%          2
 Jinxbite                 Hex            76%        N/A       1%          2
 Poisonous Vapours        Pois/Air       100%       N/A       1%          2
 Sublimation of Blood     Necr           38%        N/A       1%          2
 Call Canine Familiar     Summ           38%        N/A       1%          3
 Frozen Ramparts          Ice            100%       1d16      1%          3
 Gell's Gravitas          Tloc           38%        N/A       1%          3
 Ignite Poison            Fire/Tmut/Pois 79%        N/A       1%          3
 Ozocubu's Armour         Ice            70%        N/A       1%          3
 Sigil of Binding         Hex            38%        N/A       1%          3
 Stone Arrow              Conj/Erth      100%       3d13      1%          3
 Summon Guardian Golem    Hex/Summ       38%        N/A       1%          3
 Swiftness                Air            70%        N/A       1%          3
 Teleport Other           Tloc           38%        N/A       1%          3
 Volatile Blastmotes      Fire/Tloc      100%       2d18      1%          3
 Airstrike                Air            35%        2d(5-21)  1%          4
 Fulminant Prism          Conj/Hex       44%        3d19      1%          4
 Iskenderun's Mystic Bla  Conj/Tloc      88%        2d17      1%          4
 Olgreb's Toxic Radiance  Pois           60%        N/A       1%          4
 Summon Lightning Spire   Summ/Air       57%        N/A       1%          4
 Leda's Unmaking          Conj/Erth      44%        9d7       1%          6
 Anguish                  Hex/Necr       19%        N/A       2%          4
 Animate Dead             Necr           38%        N/A       2%          4
 Dimensional Bullseye     Hex/Tloc       19%        N/A       2%          4
 Leda's Liquefaction      Hex/Erth       19%        N/A       2%          4
 Manifold Assault         Tloc           38%        N/A       2%          4
 Petrify                  Tmut/Erth      38%        N/A       2%          4
 Silence                  Hex/Air        28%        N/A       2%          5
 Spellforged Servitor     Conj/Summ      44%        N/A       5%          7
 Borgnjor's Vile Clutch   Necr/Erth      19%        N/A       7%          5
 Lee's Rapid Deconstruct  Erth           19%        3d11*     7%          5
 Ozocubu's Refrigeration  Ice            35%        4d15      26%         7
 Death Channel            Necr           19%        N/A       34%         6
 Dispersal                Tloc           19%        N/A       34%         6
 Malign Gateway           Summ/Tloc      19%        N/A       87%         7
 Summon Horrible Things   Summ           19%        N/A       100%        8


Dungeon Overview and Level Annotations

Branches:
Dungeon (15/15)            Temple (0/1) D:5            Lair (5/5) D:10
  Swamp (0/4) Lair:2        Snake (3/4) Lair:3        Slime (0/5) Lair:4
    Orc (2/2) D:11            Elf (0/3) Orc:2        Vaults (0/5) D:13
 Depths (0/4) D:15        Ossuary (visited)

Altars:
Ashenzari
Cheibriados
Fedhas
Makhleb
Qazlal
Zin
The Shining One
Lugonu

Shops:
D:4 :   D:9 (   D:10 (   Orc:2 *([[(   Snake:1 [*   Snake:3 *

Portals:
Abyss: Lair:5
Trove: D:11 (give 2 scrolls of acquirement)

Annotations:
D:5 3 runed translucent doors, dondy's ghost, novice OpSh
Lair:5 2 transporters, Talonman3's ghost, journeyman GnRe


Innate Abilities, Weirdness & Mutations

Your system is resistant to poisons. (rPois)
You are robust. (+10% HP)
You occasionally shout uncontrollably at your foes.
Potions are less effective at restoring your health.


Message History

You resist. The naga mage spits poison at you. The splash of poison misses you.
The splash of poison hits the naga warrior but does no damage.
The guardian serpent coils itself and waves its upper body at you.
The naga mage blinks!
The naga barely misses you. x2
Your orb of destruction hits a rock wall.
The naga closely misses you. The naga grabs you.
You stop ascending the stairs.
The naga constricts you.
Unknown command.
You fail to use your ability.
You feel sick.
The guardian serpent casts a spell at you.
The bolt of poison hits you. You resist.
The bolt of poison hits the naga mage.
The naga mage gestures at you while chanting.
The bolt of poison hits you. You resist.
The naga warrior hits you with a +0 glaive!!
The naga warrior roars a battlecry!
The nagas go into a battle-frenzy!
A naga comes into view. It is wielding a +0 glaive.
The naga spits poison at you.
The splash of poison hits you but does no damage.
You are more poisoned.
You resist. The naga mage hits you with a +0 spear!
The naga spits poison at you. The splash of poison misses you.
The splash of poison hits the naga warrior.
The naga constricts you.
You fail to use your ability.
You feel sick.
A black mamba comes into view.
The naga warrior hits you with a +0 glaive!!
* * * LOW HITPOINT WARNING * * *
The naga warrior hits you with a +0 short sword!!
* * * LOW HITPOINT WARNING * * *
The naga mage misses you. The naga hits you with a +0 halberd!!
* * * LOW HITPOINT WARNING * * *
The naga warrior roars a battlecry!
The naga goes into a battle-frenzy!
A naga warrior comes into view.
It is wielding a +2 glaive of holy wrath.
The naga hits you with a +0 hand axe!!
You die...

.#.... ......
...........N...
......
............N..
......
..........^....
......
...........N...
......
.............N.
......
...............
......
#..NN.......
....##
#.=N@N......
...##
#..N........
.N.#
#.°.S....###
S....
#○....####
#...N. S.....##
..... ........
N..N. .........
...∩.....


You could see 4 naga warriors, a guardian serpent, a black mamba, a naga mage
(fast, strong) and 4 nagas.

Vanquished Creatures
  Rupert (D:13)
  A sphinx (D:12)
  2 nagarajas (Snake:2)
  Aizul (Snake:1)
  A fire giant (D:15)
  Azrael (Lair:3)
  Snorg (Lair:4)
  An entropy weaver (shapeshifter) (D:15)
  A yaktaur captain (D:12)
  2 vault guards (D:13)
  7 hydras
  A rakshasa (D:15)
  7 anacondas
  A centaur warrior (D:13)
  A death knight (D:14)
  2 boulder beetles
  A catoblepas (D:15)
  A tengu warrior (D:12)
  6 death yaks
  4 naga warriors
  3 naga sharpshooters
  A shock serpent (Snake:2)
  2 thrashing horrors (Lair:5)
  Urug (Lair:2)
  A skyshark (shapeshifter) (D:14)
  2 skysharks
  A skeletal warrior (D:14)
  4 naga ritualists
  3 lindwurms
  2 deep elf pyromancers
  2 phantasmal warriors (D:12)
  3 orc knights (Orc:2)
  11 wizards
  A necromancer (D:13)
  8 ugly things
  5 mana vipers (Snake:2)
  An orc sorcerer (Orc:1)
  An oklob plant (Lair:2)
  2 salamanders (Snake:1)
  2 cyclopes
  7 elephants
  An eye of devastation (Lair:4)
  6 manticores
  4 naga magi
  32 black mambas
  13 cane toads
  A molten gargoyle (Lair:4)
  Jeremiah (D:6)
  2 torpor snails
  A smoke demon (Lair:5)
  A rime drake (Lair:1)
  6 yaktaurs
  2 freezing wraiths (D:14)
  2 efreet
  An unseen horror (D:11)
  2 tengu conjurers (D:12)
  10 komodo dragons
  5 trolls
  A queen bee (shapeshifter) (D:14)
  2 polar bears (Lair:5)
  Grinder (D:5)
  2 raiju (Lair:5)
  16 dream sheep
  18 blink frogs
  9 slime creatures
  A centaur simulacrum (D:15)
  2 spriggans
  A culicivora (shapeshifter) (Lair:5)
  7 wraiths
  3 shadows
  A vampire (D:12)
  7 wyverns
  A ynoxinul (Lair:5)
  44 yaks
  2 large abominations (Lair:5)
  2 fire elementals
  8 basilisks
  A basilisk (shapeshifter) (Lair:5)
  A steam dragon (D:8)
  5 vampire mosquitoes (D:13)
  2 chaos spawn (Lair:5)
  19 humans (D:13)
  12 nagas
  A warg (Orc:1)
  2 swamp worms (Lair:2)
  10 water moccasins
  A floating eye (Lair:4)
  3 hell hounds (Snake:1)
  33 orc warriors
  2 black bears
  2 ice beasts
  13 centaurs
  3 ogres
  15 wolves
  14 bullfrogs
  5 kobold brigands
  2 elf zombies (Ossuary)
  8 gnoll sergeants
  A necrophage (D:13)
  3 scorpions
  2 elf skeletons (D:7)
  8 killer bees
  A howler monkey (D:13)
  9 small abominations (Lair:5)
  An electric eel (Lair:4)
  3 human zombies
  Crazy Yiuf (D:6)
  3 gnoll boudas
  15 orc priests
  4 hounds
  2 human skeletons (D:7)
  3 iguanas
  2 sleepcaps
  20 orc wizards
  2 mummies (Ossuary)
  29 gnolls
  4 adders
  A shadow imp (D:6)
  A worm (D:2)
  2 dart slugs
  64 orcs
  2 ball pythons
  3 endoplasms
  5 goblins
  5 hobgoblins
  3 jackals (D:5)
  3 quokkas
  3 bats
  3 frilled lizards
  3 goblin zombies (Ossuary)
  9 hobgoblin zombies (Ossuary)
  2 jackal zombies (Ossuary)
  24 kobolds
  9 kobold zombies (Ossuary)
  An orc skeleton (D:7)
  8 orc zombies (Ossuary)
  2 rats
  A rat zombie (Ossuary)
745 creatures vanquished.

Vanquished Creatures (others)
  2 slime creatures (D:13)
  A human (D:13)
  An orc warrior (Orc:2)
4 creatures vanquished.

Grand Total: 749 creatures vanquished

Notes
Turn   | Place    | Note
-------+----------+-------------------------------------------
     0 | D:5      | GordonOverkill the Deep Elf Delver began the quest for the
                  | Orb.
     0 | D:5      | Reached XP level 1. HP: 13/13 MP: 3/3
    33 | D:6      | Noticed a scorpion
   179 | D:3      | Noticed an iguana
   202 | D:4      | Reached XP level 2. HP: 13/19 MP: 4/4
   290 | D:4      | Found a transporter.
   290 | D:4      | Found Yluali's Book Shoppe.
   463 | D:3      | Reached XP level 3. HP: 23/23 MP: 5/5
   471 | D:3      | Reached skill level 1 in Throwing
   651 | D:1      | Reached XP level 4. HP: 28/28 MP: 9/9
   992 | D:1      | Found a faded altar of an unknown god.
  1432 | D:2      | Found a snail-covered altar of Cheibriados.
  1464 | D:2      | Became a worshipper of Cheibriados the Contemplative
  1633 | D:2      | Reached skill level 1 in Ice Magic
  1986 | D:3      | Reached skill level 1 in Poison Magic
  2019 | D:3      | Reached XP level 5. HP: 31/32 MP: 11/11
  2824 | D:4      | Found a transporter.
  3173 | D:5      | Learned a level 5 spell: Freezing Cloud
  3225 | D:5      | Reached XP level 6. HP: 37/37 MP: 12/12
  3292 | D:5      | Noticed Grinder
  3298 | D:5      | Noticed dondy's ghost (novice OpSh)
  3313 | D:5      | Killed Grinder
  3388 | D:5      | Found a runed translucent gate.
  3388 | D:5      | Found a runed translucent gate.
  3389 | D:5      | Found a runed translucent gate.
  3492 | D:5      | Found a staircase to the Ecumenical Temple.
  4025 | D:6      | Reached XP level 7. HP: 36/41 MP: 11/13
  4077 | D:6      | Found a glowing golden altar of the Shining One.
  4081 | D:6      | Found a blossoming altar of Fedhas.
  4082 | D:6      | Found a burning altar of Makhleb.
  4085 | D:6      | Reached * piety under Cheibriados
  4091 | D:6      | Reached skill level 1 in Air Magic
  4151 | D:6      | Noticed Jeremiah
  4374 | D:6      | Found a runed translucent door.
  4375 | D:6      | Noticed Crazy Yiuf
  4436 | D:6      | Learned a level 3 spell: Mephitic Cloud
  4894 | D:6      | Killed Jeremiah
  4895 | D:6      | Reached skill level 5 in Spellcasting
  4895 | D:6      | Reached XP level 8. HP: 4/46 MP: 2/17
  5366 | D:6      | Killed Crazy Yiuf
  5367 | D:6      | Reached skill level 5 in Conjurations
  5642 | D:7      | Reached skill level 5 in Ice Magic
  5659 | D:7      | Reached ** piety under Cheibriados
  5676 | D:7      | Reached skill level 5 in Air Magic
  5678 | D:7      | Reached skill level 1 in Invocations
  5945 | D:7      | Found a sand-covered staircase.
  5966 | Ossuary  | Entered an ossuary
  6150 | Ossuary  | Reached *** piety under Cheibriados
  6440 | D:7      | Reached XP level 9. HP: 48/50 MP: 19/21
  6443 | D:7      | Learned a level 2 spell: Passwall
  7021 | D:7      | Reached **** piety under Cheibriados
  7599 | D:8      | Reached skill level 10 in Spellcasting
  8259 | D:8      | Reached ***** piety under Cheibriados
  8954 | D:9      | Reached XP level 10. HP: 56/56 MP: 20/26
  9425 | D:9      | Reached skill level 10 in Conjurations
  9799 | D:9      | Identified the +3 quarterstaff of Ashenzari's Wrath {flame,
                  | Int+6 Stlth-}
  9845 | D:9      | Found Foycibe's Weapon Boutique.
 10753 | D:9      | Learned a level 5 spell: Irradiate
 10761 | D:9      | Learned a level 7 spell: Orb of Destruction
 10873 | D:10     | Entered Level 10 of the Dungeon
 10894 | D:10     | Reached skill level 5 in Fighting
 11184 | D:10     | Found Birph's Weapon Boutique.
 11364 | D:10     | Noticed a death yak
 11477 | D:10     | Noticed a death yak
 11478 | D:10     | Found a staircase to the Lair.
 11481 | D:10     | Killed a death yak
 11484 | D:10     | Noticed a death yak
 11646 | D:10     | Killed a death yak
 11648 | D:10     | Killed a death yak
 11649 | D:10     | Reached XP level 11. HP: 44/64 MP: 12/29
 12011 | D:10     | Found a glowing silver altar of Zin.
 12206 | D:11     | Noticed a red ugly thing
 12226 | D:11     | Killed a red ugly thing
 12334 | D:11     | Found a portal to a secret trove of treasure.
 12675 | D:11     | Noticed a wizard
 12682 | D:11     | Noticed a wizard
 12683 | D:11     | Killed a wizard
 12684 | D:11     | Noticed a wizard
 12686 | D:11     | Killed a wizard
 12690 | D:11     | Killed a wizard
 13008 | D:11     | Identified the +7 shortbow of Caridum {heavy, rF+ Int+2}
 13044 | D:11     | Found a staircase to the Orcish Mines.
 13047 | D:11     | Reached ****** piety under Cheibriados
 13284 | D:11     | Noticed a wizard
 13287 | D:11     | Killed a wizard
 13358 | D:11     | Noticed a wizard
 13360 | D:11     | Killed a wizard
 13382 | D:11     | Found the +3 warlock's mirror {omnireflect}
 13389 | D:11     | Identified the +1 leather armour of Pride {Rampage rF+
                  | Dex+3}
 13400 | D:11     | Noticed a wizard
 13401 | D:11     | Noticed a wizard
 13404 | D:11     | Killed a wizard
 13409 | D:11     | Killed a wizard
 13843 | D:4      | Bought Jexid's Almanac of Bombardment for 480 gold pieces
 13853 | D:4      | Learned a level 9 spell: Fire Storm
 13953 | Lair:1   | Entered Level 1 of the Lair of Beasts
 14289 | Lair:1   | Reached skill level 1 in Fire Magic
 14368 | Lair:1   | Reached XP level 12. HP: 73/73 MP: 19/30
 14996 | Lair:1   | Reached skill level 5 in Fire Magic
 16480 | Lair:2   | Noticed a five-headed hydra
 16485 | Lair:2   | Killed a five-headed hydra
 16589 | Lair:2   | Noticed Urug
 16593 | Lair:2   | Killed Urug
 16727 | Lair:2   | Noticed a boulder beetle
 17071 | Lair:2   | Killed a boulder beetle
 17226 | Lair:2   | Reached skill level 10 in Fire Magic
 17710 | Lair:2   | Noticed a six-headed hydra
 17715 | Lair:2   | Killed a six-headed hydra
 17825 | Lair:2   | Noticed a seven-headed hydra
 17830 | Lair:2   | Killed a seven-headed hydra
 17950 | Lair:2   | Found a staircase to the Swamp.
 18008 | Lair:2   | Found a stormy altar of Qazlal.
 18419 | Lair:2   | Identified the +1 scale mail of the Harvest {Dex+5}
 19256 | Lair:3   | Noticed a death yak
 19256 | Lair:3   | Noticed a death yak
 19256 | Lair:3   | Noticed a death yak
 19262 | Lair:3   | Killed a death yak
 19263 | Lair:3   | Reached XP level 13. HP: 78/78 MP: 18/31
 19590 | Lair:3   | Found a staircase to the Snake Pit.
 21394 | Lair:4   | Found a staircase to the Slime Pits.
 21415 | Lair:4   | Noticed Snorg
 21421 | Lair:4   | Killed Snorg
 21839 | Lair:4   | Reached skill level 15 in Spellcasting
 22239 | Lair:4   | Gained mutation: Potions are less effective at restoring
                  | your health. [mutagenic glow]
 22307 | Lair:4   | Lost mutation: Potions are less effective at restoring your
                  | health. [potion of mutation]
 22307 | Lair:4   | Gained mutation: Your system is resistant to poisons.
                  | (rPois) [potion of mutation]
 22307 | Lair:4   | Gained mutation: You occasionally shout uncontrollably at
                  | your foes. [potion of mutation]
 22307 | Lair:4   | Gained mutation: You are robust. (+10% HP) [potion of
                  | mutation]
 22797 | Lair:5   | Entered Level 5 of the Lair of Beasts
 23550 | Lair:5   | Reached XP level 14. HP: 92/92 MP: 24/35
 23689 | Lair:5   | Found a transporter.
 23695 | Lair:5   | Identified the +2 buckler of Polytheism {SInv Stlth+}
 24011 | Lair:5   | Reached skill level 15 in Conjurations
 25322 | Lair:5   | Found a corrupted altar of Lugonu.
 25322 | Lair:5   | Found a one-way gate to the infinite horrors of the Abyss.
 25331 | Lair:5   | Identified the +0 ring mail "Ruydil" {Rampage *Corrode
                  | +Blink}
 26244 | Lair:5   | Found a transporter.
 26244 | Lair:5   | Noticed Talonman3's ghost (journeyman GnRe)
 26666 | D:12     | Reached skill level 15 in Fire Magic
 27213 | D:12     | Noticed a sphinx
 27216 | D:12     | Killed a sphinx
 28127 | D:12     | Got the Incunable of the Crater and Ozone
 29272 | D:13     | Identified the +5 trident "Quobal" {protect, +Blink Dex+5
                  | Stlth+}
 29441 | D:13     | Noticed Rupert
 29449 | D:13     | Killed Rupert
 29611 | D:13     | Reached XP level 15. HP: 88/96 MP: 11/38
 30198 | D:13     | Found a gate to the Vaults.
 31959 | D:15     | Entered Level 15 of the Dungeon
 33054 | D:15     | Found a stormy altar of Qazlal.
 33414 | D:15     | Found a staircase to the Depths.
 33443 | D:15     | Noticed a fire giant
 33450 | D:15     | Killed a fire giant
 34082 | Orc:1    | Entered Level 1 of the Orcish Mines
 35173 | Orc:2    | Entered Level 2 of the Orcish Mines
 35714 | Orc:2    | Found Pygyg's Weapon Emporium.
 35914 | Orc:2    | Found a staircase to the Elven Halls.
 35984 | Orc:2    | Gained mutation: Potions are less effective at restoring
                  | your health. [mutagenic glow]
 35997 | Orc:2    | HP: 3/96 [centaur/arrow (11)]
 35998 | Orc:2    | Reached skill level 5 in Invocations
 38404 | Orc:2    | Found Hetir's Antique Weapon Emporium.
 38404 | Orc:2    | Found Niot's Armour Shop.
 38406 | Orc:2    | Found Kuriges's Antique Armour Boutique.
 38408 | Orc:2    | Found Ihesuec's Assorted Antiques.
 38414 | Orc:2    | Bought a potion of curing for 87 gold pieces
 38414 | Orc:2    | Bought a scroll labelled JESEQIETTA for 29 gold pieces
 38419 | Orc:2    | Bought a glowing helmet for 270 gold pieces
 38527 | Orc:2    | Identified a scroll of acquirement
 38527 | Orc:2    | Acquired the ring of Dafiulof {rC+ Will+ SInv}
 38797 | Snake:1  | Entered Level 1 of the Snake Pit
 38797 | Snake:1  | Noticed Azrael
 38802 | Lair:3   | Killed Azrael
 39771 | Snake:1  | Noticed Aizul
 39781 | Snake:1  | Killed Aizul
 40310 | Snake:1  | Found Xaogh's General Store.
 40310 | Snake:1  | Found Qokhyca's Antique Armour Emporium.
 40318 | Snake:1  | Bought a pair of boots for 99 gold pieces
 40318 | Snake:1  | Bought a glowing helmet for 165 gold pieces
 40333 | Snake:1  | Bought a scroll of teleportation for 42 gold pieces
 40333 | Snake:1  | Bought a scroll of identify for 28 gold pieces
 41116 | Snake:2  | Noticed a nagaraja
 41122 | Snake:2  | Killed a nagaraja
 41312 | Snake:2  | Got the Papyrus of Crystalline Sidekicks
 41402 | Snake:2  | Reached XP level 16. HP: 102/102 MP: 12/39
 42063 | Snake:2  | Found a broken altar of Ashenzari.
 43301 | Snake:3  | Found Paocs's Assorted Antiques.
 43306 | Snake:3  | HP: 5/102 [naga/+0 halberd (18)]
 43306 | Snake:3  | Annihilated by a naga

Illustrated notes

Levels and vault maps discovered:
D:1:      matt_arrival_diagonals, layout_basic, dreamdust_ecumenical_altar_grove
D:2:      layout_loops_ring, basic_altar
D:3:      layout_basic
D:4:      layout_cave_pods, serial_shops, nicolae_shop_drivethru
D:5:      layout_loops_ring, minmay_temple_entry_mist, gammafunk_ghost_split,
          corexii_shack, uniq_grinder
D:6:      layout_loops_ring, grunt_temple_overflow_open, serial_park_tiny_1,
          nicolae_elevator_lobby_plus, uniq_crazy_yiuf_cottage, uniq_jeremiah
D:7:      layout_loops_ring, nicolae_ossuary_entry_catacombs
D:8:      layout_cave_pods
D:9:      layout_cave_pods, serial_shops, shop
D:10:     layout_basic, zin_academy, dpeg_lair_monsters, serial_shops, shop
D:11:     minmay_smoke_and_mirrors, layout_cave_pools,
          kennysheep_orc_monster_closet_entryway, enter_trove_0
D:12:     minmay_octo_star, layout_rooms
D:13:     layout_loops_ring, grunt_vaults_entry_tiered, hangedman_stone_soup,
          uniq_rupert
D:14:     layout_basic, grunt_decor_clamped
D:15:     grunt_enter_depths_giant_problem, layout_basic, serial_park_avenue1,
          grunt_qazlal_clouds
Lair:1:   layout_hall_layers, grunt_forest_large_clearing_hut
Lair:2:   layout_roguey, palyth_hydra_swamp_entry, minmay_holes,
          lemuel_oklob_altar, uniq_urug
Lair:3:   layout_cave_pods, minmay_snake_entry_guardpost_small,
          grunt_megastairs_4
Lair:4:   layout_gridlike, minmay_slime_entry_eyes, serial_forest,
          infiniplex_forest_end_double, infiniplex_forest_lined_1,
          infiniplex_forest_lined_room_2, infiniplex_forest_clump_curved,
          infiniplex_forest_lined_1, infiniplex_forest_end_1,
          guppyfry_lair_drakes, serial_bayou_shore_b, uniq_snorg
Lair:5:   hellmonk_lair_end_abyssal_woods, layout_small_grid,
          gammafunk_ghost_hive, hangedman_lair_generics_rect
Snake:1:  layout_misc_corridors, minmay_shoptagon, uniq_azrael, uniq_aizul
Snake:2:  layout_grid_shapes, basic_altar, hangedman_snake_thin_pillar_pass
Snake:3:  layout_onion, serial_shops, shop
Orc:1:    layout_caves
Orc:2:    st_orc_rangers, layout_diamond_mine, basic_altar, serial_shops, shop,
          minmay_orc_keep

Skill      XL: |  1  2  3  4  5  6  7  8  9 10 11 12 13 14 15 16 |
---------------+-------------------------------------------------+-----
Fighting       | 3 6 8 |  8.0
Short Blades   | 3 |  3.0
Throwing       | 1 |  1.0
Spellcasting   | 2 3 5 7 10 12 15 17 | 17.1
Ice Magic      | 1 3 4 5 |  5.0
Poison Magic   | 2 3 |  3.0
Conjurations   | 4 5 9 10 13 14 16 17 18 | 18.0
Air Magic      | 4 5 |  5.0
Invocations    | 3 6 |  6.0
Fire Magic     | 2 11 13 15 17 18 | 18.0
Dodging        | |  2.4
Stealth        | |  6.0

Action                     |  1- 3 |  4- 6 |  7- 9 | 10-12 | 13-15 | 16-18 || total
---------------------------+-------+-------+-------+-------+-------+-------++-------
  Melee: Short sword       |    38 |   114 |   469 |    14 |       |       ||   635
         Punch             |     1 |     1 |     8 |       |       |       ||    10
         Quarterstaff      |       |       |       |    62 |   165 |     6 ||   233
  Throw: Dart              |     7 |    12 |    26 |    39 |    71 |     2 ||   157
   Cast: Freezing Cloud    |       |       |    23 |    90 |   159 |     4 ||   276
         Irradiate         |       |       |       |    32 |    78 |     3 ||   113
         Mephitic Cloud    |       |       |       |     1 |       |       ||     1
         Orb of Destructio |       |       |       |    18 |   228 |    41 ||   287
 Invoke: Slouch            |       |       |       |       |     2 |       ||     2
         Bend Time         |       |       |       |       |       |     1 ||     1
  Evoke: Wand              |       |       |     5 |     5 |    14 |       ||    24
    Use: Scroll            |       |     3 |    10 |    10 |    20 |       ||    43
         Potion            |       |       |     3 |     3 |     9 |       ||    15
   Stab: Sleeping          |     4 |    14 |    11 |       |     1 |       ||    30
         Confused          |       |       |       |     1 |       |       ||     1
         Distracted        |       |       |       |       |     1 |       ||     1
         Invisible         |       |       |       |       |     1 |       ||     1
 Armour: Leather armour    |    13 |    23 |       |       |       |       ||    36
         Robe              |       |    17 |   276 |   112 |   311 |    28 ||   744
  Dodge: Dodged            |    20 |    51 |   269 |   108 |   298 |    26 ||   772

Table legend: (Time is in decaauts)
 A = Elapsed time spent in this place.
 B = Non-inter-level travel time spent in this place.
 C = Inter-level travel time spent in this place.
 D = Time resting spent in this place.
 E = Time spent auto-exploring this place.
 F = Levels seen in this place.
 G = Mean time per level.
                   A        B        C        D        E       F      G
               +--------+--------+--------+--------+--------+-----+--------+
         Total |  56575 |  53211 |   3364 |  23124 |  21968 |  26 | 2176.0 |
       Dungeon |  28142 |  25884 |   2258 |   9277 |  12309 |  15 | 1876.1 |
          Lair |  17301 |  16557 |    744 |   7727 |   6998 |   5 | 3460.2 |
     Snake Pit |   5652 |   5388 |    264 |   2921 |   1498 |   3 | 1884.0 |
  Orcish Mines |   4999 |   4902 |     97 |   3150 |   1079 |   2 | 2499.5 |
       Ossuary |    479 |    479 |      0 |     48 |     82 |   1 |  479.0 |
               +--------+--------+--------+--------+--------+-----+--------+

Top non-repeatable levels by time:
  Lair:5: 5059 daAuts
  Lair:1: 3458 daAuts
  Lair:3: 3178 daAuts
 Snake:1: 3066 daAuts
  Lair:2: 3020 daAuts
   Orc:2: 2883 daAuts
    D:11: 2881 daAuts
    D:12: 2764 daAuts
     D:9: 2705 daAuts
  Lair:4: 2584 daAuts
 Snake:2: 2576 daAuts
    D:14: 2526 daAuts
    D:13: 2419 daAuts
     D:8: 2343 daAuts
    D:15: 2332 daAuts
